 Dungeon Crawl Stone Soup version 0.31-a0-1172-g9944ec47dd (webtiles) character file.

Game seed: 9819182897842263936

385 Zonian the Ruffian (level 6, -3/51 HPs)
             Began as a Demigod Shapeshifter on Dec 10, 2023.
             Slain by an ogre
             ... wielding a +0 giant spiked club
              (28 damage)
             ... on level 5 of the Dungeon.
             The game lasted 00:10:06 (4981 turns).

Zonian the Ruffian (Demigod Shapeshifter)           Turns: 4981, Time: 00:10:07

Health: -3/51      AC:  2    Str: 23    XL:     6   Next: 23%
Magic:  8/8        EV: 12    Int: 12    God:
Gold:   202        SH:  0    Dex: 13    Spells: 5/5 levels left

rFire   . .          .
                       - Unarmed
rCold   . . .        (no shield)
rNeg    . . .        a - +0 animal skin
rPois   .            (helmet currently unavailable)
rElec   .            (cloak currently unavailable)
rCorr   .            (gloves currently unavailable)
SInv    .            (boots currently unavailable)
Will    .....        (no amulet)
Stlth   +            (no ring)
HPRegen 0.28/turn    (no ring)
MPRegen 0.11/turn

%: no passive effects
@: beast-form
A: beast (slay +2), high MP 1, forlorn, divine attributes
a: Begin Untransformation


You were on level 5 of the Dungeon.
You were a hulking beast.
You visited 1 branch of the dungeon, and saw 5 of its levels.

You collected 202 gold pieces.


Innate Abilities, Weirdness & Mutations

You are a hulking beast.
Your limbs bulge with bestial killing power. (Slay +2)
You have an increased reservoir of magic. (+10% MP)
You shall have no god before yourself.
Your divine heritage dramatically boosts your attributes as you level up.


   Skills:
 + Level 3.2 Fighting
 - Level 2.7 Dodging
 + Level 4.2 Unarmed Combat
 + Level 4.0 Shapeshifting


You had 5 spell levels left.
You didn't know any spells.
Your spell library contained the following spells:

 Spells                   Type           Power      Damage    Failure   Level
 Necrotise                Necr           0%         1d4       32%         1
 Call Canine Familiar     Summ           0%         N/A       69%         3
 Ignite Poison            Fire/Tmut/Pois 0%         N/A       69%         3
 Vampiric Draining        Necr           0%         2d6       69%         3
 Agony                    Necr           0%         N/A       100%        5
 Dragon's Call            Summ           0%         N/A       100%        9

Inventory:

Hand Weapons
 e - a +0 dagger {short}
   (You took it off a goblin on level 1 of the Dungeon)
 f - a +0 whip {mace}
   (You found it on level 1 of the Dungeon)
 h - a +1 dagger {short}
   (You took it off a kobold on level 1 of the Dungeon)
 j - a +0 whip {mace}
   (You took it off a kobold on level 1 of the Dungeon)
Missiles
 l - 18 poisoned darts {throwing}
Armour
 a - a +0 animal skin (worn)
 g - a scarf of shadows
   (You found it on level 4 of the Dungeon)
 p - the orb of Liberalism {*Rage, -Cast Harm rN++ Dex-5 Fire}
   (You found it on level 4 of the Dungeon)

   Dex-5:     It affects your dexterity (-5).
   rN++:      It greatly protects you from negative energy.
   -Cast:     It prevents spellcasting.
   Harm:      It increases damage dealt and taken.
   Fire:      It increases the power of your Fire spells.
 q - a +0 cloak
   (You found it on level 2 of the Dungeon)
Talismans
 c - a beast talisman
 d - a flux talisman
Wands
 t - a wand of mindburst (9)
   (You found it on level 2 of the Dungeon)
Potions
 b - a potion of lignification {!q}
 i - 2 potions of brilliance
 k - 2 potions of berserk rage {!q}
 m - a potion of cancellation {unknown}
 n - a potion of curing {unknown}
 v - 3 potions of degeneration {!q@e2}
 w - a potion of might {unknown}
 x - a potion of mutation {unknown}

Dungeon Overview and Level Annotations

Branches:
Dungeon (5/15) Zot: 25029
 Temple: D:4-7

Shops:
D:1 [ D:2

((
##.............
...#...........
.#.............
...............
##.............
...............
#..............
#......hO......
...##>.........
###........
#........
#........
#........
#########


You could see an ogre.


Message History

You hit the orc but do no damage.
The orc hits you with a +0 whip. 😕 HP[-6]
You take 6 damage, and now have 34/44 hp.
Unknown command.
You hit the orc.
You kill the orc!
Things that are here:
a +0 whip {mace}; a +0 leather armour; an orc corpse 😕 HP[+1] Unknown command.
Unknown command.
Done exploring. 😎 HP[+9]
Your hp is fully restored (44).
Done exploring.
Unknown command.
Done exploring.
Unknown command.
There is an open door here.
You see here a +0 ring mail.
Things that are here:
a +0 dagger {short}; a +0 sling
There is a stone staircase leading down here.
Unknown command.
You climb downwards.
Found a scale mail, a ring mail, 8 gold pieces and a dagger.
Found a stone staircase leading down.
There is a stone staircase leading up here.
Unknown command.
The white imp shouts, "Turn tail, thou mangled wibble-sucking jarkman!"
The white imp gestures at you. The puff of frost hits you!
An ice beast comes into view. 😮 HP[-13]
You take 13 damage, and now have 31/44 hp.
MASSIVE DAMAGE!! (PAUSE)
You barely miss the white imp.
The white imp hits you but does no damage. 😮 HP[+1] Unknown command.
As you read the scroll of teleportation {@r4}, it crumbles to dust.
You feel strangely unstable. The white imp gestures at you.
The puff of frost hits you. 😮 HP[-2]
You take 2 damage, and now have 30/44 hp.
You hit the white imp. The white imp barely misses you.
Unknown command.
You barely miss the white imp. The white imp barely misses you.
Unknown command.
You closely miss the white imp. The white imp gestures at you.
The puff of frost misses you.
The ice beast hits you but does no damage. 😮 HP[+1] Unknown command.
You completely miss the white imp.
Your surroundings suddenly seem different.
An ogre and a water moccasin come into view.
Found an escape hatch in the floor.
The water moccasin hisses angrily.
Aiming: Mindburst
Press: ? - help, Shift-Dir - straight line, f - water moccasin
Aim: a water moccasin (chance to affect: 64%)
The water moccasin's mind is blasted!
Unknown command.
Aiming: Mindburst
Press: ? - help, Shift-Dir - straight line, f/p - water moccasin
Aim: a water moccasin (heavily wounded, chance to affect: 64%)
The water moccasin's mind is blasted.
Aiming: Mindburst
Press: ? - help, Shift-Dir - straight line, f/p - water moccasin
Aim: a water moccasin (severely wounded, chance to affect: 64%)
The water moccasin struggles to resist.
The ogre closely misses you. 😮 HP[+1]
Aiming: Mindburst
Press: ? - help, Shift-Dir - straight line, f/p - water moccasin
Aim: a water moccasin (severely wounded, chance to affect: 64%)
The water moccasin's mind is blasted!!
You blow up the water moccasin!
Your Fighting skill increases to level 3!
Your Shapeshifting skill increases to level 4!
You have reached level 6!
Your experience leads to a dramatic increase in your attributes!
Increase (S)trength, (I)ntelligence, or (D)exterity?
You feel stronger. x4 😮 HP[+5] MP[+1]
You now have 51 max hp (+7).
You regained 5 hp, and now have 37/51 hp.
Your mp is fully restored (8).
You hit the ogre.
The ogre hits you with a +0 giant spiked club!
* * * LOW HITPOINT WARNING * * *
😨 HP[-12]
You take 12 damage, and now have 25/51 hp.
MASSIVE DAMAGE!! (PAUSE)
You barely miss the ogre.
The ogre hits you with a +0 giant spiked club!!
Ouch! That really hurt!
You die...

Skill      XL: |  1  2  3  4  5 |
---------------+----------------+-----
Fighting       | 1 2 3 |  3.2
Dodging        | 2 |  2.7
Unarmed Combat | 3 4 |  4.2
Shapeshifting  | 3 4 |  4.0

Action                     |  1- 3 |  4- 6 || total
---------------------------+-------+-------++-------
  Melee: Unarmed           |   130 |   142 ||   272
         Punch             |     2 |     2 ||     4
  Evoke: Wand              |       |     4 ||     4
    Use: Scroll            |       |    12 ||    12
   Stab: Sleeping          |       |     1 ||     1
 Armour: Animal skin       |    75 |    63 ||   138
  Dodge: Dodged            |    94 |    75 ||   169

Levels and vault maps discovered:
D:1:      dpeg_arrival_windows_large_door, layout_basic, serial_shops,
          nicolae_shop_gibbet_a_chance, serial_park_tiny_1,
          minmay_misc_feat_nine_boxes
D:2:      layout_rooms, serial_shops, nicolae_shop_trees, shop
D:3:      layout_basic
D:4:      layout_basic, amcnicky_altar_gilded,
          gammafunk_temple_overflow_elements, chequers_serial_rivers_room_b
D:5:      layout_rooms, mainiacjoe_overflow_two_lobes, minmay_misc_feat_chi

Notes
Turn   | Place    | Note
-------+----------+-------------------------------------------
     0 | D:1      | Zonian the Demigod Shapeshifter began the quest for the
                  | Orb.
     0 | D:1      | Reached XP level 1. HP: 15/15 MP: 3/3
     0 | D:1      | magus.rc [v1.9.6]
    35 | D:1      | Reached skill level 1 in Fighting
   136 | D:1      | Reached skill level 2 in Dodging
   140 | D:1      | Reached XP level 2. HP: 16/23 MP: 4/4
   208 | D:1      | Found Wowkall's Antique Armour Boutique.
   388 | D:1      | Reached skill level 3 in Unarmed Combat
   602 | D:1      | Reached XP level 3. HP: 15/28 MP: 5/5
   628 | D:1      | Reached skill level 3 in Shapeshifting
   696 | D:1      | You pick up a book of Necromancy and begin reading...
   696 | D:1      | You add the spells Necrotise, Vampiric Draining and Agony
                  | to your library.
  1476 | D:2      | Found Jeyt's Weapon Boutique.
  1788 | D:2      | Reached skill level 2 in Fighting
  1788 | D:2      | Reached XP level 4. HP: 36/36 MP: 6/6
  2200 | D:2      | Found Ziumief's Weapon Shop.
  3189 | D:3      | You add the spells Ignite Poison, Call Canine Familiar and
                  | Dragon's Call to your library.
  3189 | D:3      | Got Houm's Discursus on Cooperative Nausea
  3408 | D:4      | Reached XP level 5. HP: 25/42 MP: 7/7
  3418 | D:4      | HP: 9/42 [/a scroll of torment (7)]
  4210 | D:4      | HP: 6/42 [scorpion (7)]
  4728 | D:4      | Reached skill level 4 in Unarmed Combat
  4764 | D:4      | Identified the orb of Liberalism {*Rage, -Cast Harm rN++
                  | Dex-5 Fire}
  4864 | D:5      | Entered Level 5 of the Dungeon
  4969 | D:5      | Noticed an ice beast
  4975 | D:5      | Noticed an ogre
  4975 | D:5      | Noticed a water moccasin
  4979 | D:5      | Killed a water moccasin
  4980 | D:5      | Reached skill level 3 in Fighting
  4980 | D:5      | Reached skill level 4 in Shapeshifting
  4980 | D:5      | Reached XP level 6. HP: 37/51 MP: 8/8
  4981 | D:5      | Slain by an ogre

Vanquished Creatures
  A water moccasin (D:5)
  A scorpion (D:4)
  A hound (D:4)
  4 adders
  5 gnolls
  3 worms
  4 dart slugs
  3 orcs (D:4)
  7 bats
  8 endoplasms
  A giant cockroach (D:1)
  10 goblins
  10 hobgoblins
  6 jackals
  2 quokkas
  6 ball pythons
  A frilled lizard (D:2)
  6 kobolds
  7 rats
86 creatures vanquished.

Table legend:
 A = Non-vault XP
 B = Vault XP
 C = Vault XP percentage of total XP
 D = Non-vault monster count
 E = Vault monster count
 F = Vault count percentage of total count
                 A         B        C        D         E       F
            +---------+---------+-------+---------+---------+-------
      Total |     551 |       0 |   0.0 |      86 |       0 |   0.0
            +---------+---------+-------+---------+---------+-------
        D:1 |      77 |       0 |   0.0 |      36 |       0 |   0.0
        D:2 |     105 |       0 |   0.0 |      20 |       0 |   0.0
        D:3 |      38 |       0 |   0.0 |      14 |       0 |   0.0
        D:4 |     180 |       0 |   0.0 |      15 |       0 |   0.0
        D:5 |     151 |       0 |   0.0 |       1 |       0 |   0.0
            +---------+---------+-------+---------+---------+-------

Skill      XL: |  1  2  3  4  5 |
---------------+----------------+-----
Fighting       | 1 2 3 |  3.2
Dodging        | 2 |  2.7
Unarmed Combat | 3 4 |  4.2
Shapeshifting  | 3 4 |  4.0

Action                     |  1- 3 |  4- 6 || total
---------------------------+-------+-------++-------
  Melee: Unarmed           |   130 |   142 ||   272
         Punch             |     2 |     2 ||     4
  Evoke: Wand              |       |     4 ||     4
    Use: Scroll            |       |    12 ||    12
   Stab: Sleeping          |       |     1 ||     1
 Armour: Animal skin       |    75 |    63 ||   138
  Dodge: Dodged            |    94 |    75 ||   169

Illustrated notes

Table legend:
 A = Kills in this place as a percentage of kills in the entire game.
 B = Kills by you in this place as a percentage of kills by you in the entire game.
 C = Kills by friends in this place as a percentage of kills by friends in the entire game.
 D = Other kills in this place as a percentage of other kills in the entire game.
 E = Experience gained in this place as a percentage of experience gained in the entire game.
 F = Experience gained in this place divided by the number of levels of this place that you have seen.
                   A       B       C       D       E      F
               +-------+-------+-------+-------+-------+----------------------
         Total | 100.0 | 100.0 |   N/A |   N/A | 100.0 | 110.2
       Dungeon | 100.0 | 100.0 |   N/A |   N/A | 100.0 | 110.2
               +-------+-------+-------+-------+-------+----------------------

Table legend: (Time is in decaauts)
 A = Elapsed time spent in this place.
 B = Non-inter-level travel time spent in this place.
 C = Inter-level travel time spent in this place.
 D = Time resting spent in this place.
 E = Time spent auto-exploring this place.
 F = Levels seen in this place.
 G = Mean time per level.
                   A        B        C        D        E       F      G
               +--------+--------+--------+--------+--------+-----+--------+
         Total |   4969 |   4745 |    224 |   1330 |   2590 |   5 |  993.8 |
       Dungeon |   4969 |   4745 |    224 |   1330 |   2590 |   5 |  993.8 |
               +--------+--------+--------+--------+--------+-----+--------+

Top non-repeatable levels by time:
     D:4: 1615 daAuts
     D:1: 1530 daAuts
     D:3: 1103 daAuts
     D:2: 704 daAuts
     D:5: 15 daAuts
